 Dungeon Crawl Stone Soup version 0.23.1 (webtiles) character file.

Game seed: 10523087779539989128

60 Borgoz the Sneak (level 4, -1/35 HPs)
             Began as a Ghoul Enchanter on Mar 3, 2019.
             Slain by an ice beast (3 damage)
             ... on level 3 of the Dungeon.
             The game lasted 00:04:26 (2335 turns).

Borgoz the Sneak (Ghoul Enchanter)                  Turns: 2335, Time: 00:04:27

Health: -1/35      AC:  2    Str: 10 (11) XL:     4   Next: 4%
Magic:  5/5        EV: 12    Int: 10      God:
Gold:   126        SH:  0    Dex:  9 (10) Spells: 5/6 levels left

rFire    . . .     SeeInvis .   f - +0 short sword
rCold    + . .     Gourm    .   (no shield)
rNeg     + + +     Faith    .   b - +0 robe
rPois    ∞         Spirit   .   (no helmet)
rElec    .         Reflect  .   (no cloak)
rCorr    .         Harm     .   (no gloves)
MR       .....                  (no boots)
Stlth    ++........             (no amulet)
HPRegen  0.00/turn              (no ring)
MPRegen  0.09/turn              (no ring)

@: flying, rotting
A: rotting body, claws 1, carnivore, cold resistance 1, negative energy
resistance 3, inhibited regeneration, torment resistance, unbreathing
a: no special abilities


You were on level 3 of the Dungeon.
You were not hungry.

You visited 1 branch of the dungeon, and saw 3 of its levels.

You collected 126 gold pieces.

Inventory:

Hand Weapons
 a - a +1 dagger
 f - a +0 short sword (weapon)
Missiles
 g - 27 poisoned needles
Armour
 b - a +0 robe (worn)
 r - a +0 leather armour
Jewellery
 j - an uncursed amulet of faith
Scrolls
 c - 2 scrolls of remove curse
 e - a scroll of identify {unknown}
 h - 2 scrolls of enchant armour {unknown}
 i - a scroll of teleportation
 k - 3 scrolls of fog
 m - a scroll of fear
 o - a scroll of random uselessness {unknown}
Comestibles
 d - 4 rations
 s - a chunk of flesh


   Skills:
 + Level 1.3 Fighting
 + Level 1.6 Short Blades
 + Level 1.0 Throwing
 + Level 1.0 Armour
 + Level 2.2 Dodging
 + Level 3.6 Stealth
 - Level 1.7 Spellcasting
 - Level 2.4 Hexes


You had 5 spell levels left.
You knew the following spells:

 Your Spells              Type           Power        Failure   Level  Hunger
a - Corona                Hex            #......      12%         1    ##.....

Your spell library contained the following spells:

 Spells                   Type           Power        Failure   Level  Hunger
 Ensorcelled Hibernation  Hex/Ice        #.....       30%         2    ###....
 Confuse                  Hex            #.......     34%         3    ####...
 Tukima's Dance           Hex            #.......     34%         3    ####...
 Dazzling Spray           Conj/Hex       #.....       52%         3    ####...


Dungeon Overview and Level Annotations

Branches:
Dungeon (3/15)

Altars:


Innate Abilities, Weirdness & Mutations

Your body is rotting away.
You thrive on raw meat.
You are immune to poison.
You have sharp fingernails.
You are carnivorous and can eat meat at any time.
Your flesh is cold resistant. (rC+)
You are immune to negative energy. (rN+++)
You do not regenerate when monsters are visible.
You are immune to unholy pain and torment.
You can survive without breathing.


Message History

The ice beast hits you. The ice beast freezes you. You resist.
You are too injured to fight recklessly!
You are too injured to fight recklessly!
It was a potion of mutation.
You feel extremely strange.
Your body decomposes!
You feel weakened.
Your body decomposes!
You feel clumsy.
The ice beast hits you but does no damage.
It was a potion of cancellation.
You feel magically purged.
Your magical contamination has completely faded away.
The ice beast hits you. The ice beast freezes you. You resist.
* * * LOW HITPOINT WARNING * * *
It was a potion of flight.
You feel very buoyant.
You fly up into the air.
The ice beast barely misses you. The ice beast hits you.
* * * LOW HITPOINT WARNING * * *
The ice beast freezes you. You resist.
You die...

#..#.....#.# #.#.....#
#......#.#.# #.#.....#
##.#.#.#.#.# #.#.....#
#.#.#<..#.# #.#.....#
#.#.###.#.# #.#.....######
#.#.......#####>..........?.
#####............#.######
#################.######
...........Y@............
######.....#####.#######
#.....# #.# #.....# #.#
####### #'# ... ... ..


You could see an ice beast.

Vanquished Creatures
  An adder (D:2)
  A ball python (D:1)
  6 bats
  A giant cockroach (D:1)
  5 goblins
  5 hobgoblins
  10 jackals
  4 frilled lizards
  6 kobolds
  5 rats
44 creatures vanquished.

Notes
Turn   | Place    | Note
-------+----------+-------------------------------------------
     0 | D:1      | Borgoz the Ghoul Enchanter began the quest for the Orb.
     0 | D:1      | Reached XP level 1. HP: 14/14 MP: 2/2
    47 | D:1      | Reached skill level 1 in Short Blades
   119 | D:1      | Reached XP level 2. HP: 15/22 MP: 3/3
   665 | D:1      | Reached XP level 3. HP: 9/27 MP: 4/4
   817 | D:1      | Reached skill level 1 in Fighting
  1673 | D:2      | Reached skill level 1 in Throwing
  1749 | D:2      | Reached skill level 1 in Armour
  1939 | D:2      | Reached XP level 4. HP: 29/35 MP: 5/5
  2301 | D:3      | Noticed an ice beast
  2335 | D:3      | Slain by an ice beast

Skill      XL: |  1  2  3 |
---------------+----------+-----
Short Blades   | 1 |  1.6
Dodging        | 2 |  2.2
Fighting       | 1 |  1.3
Throwing       | 1 |  1.0
Armour         | 1 |  1.0
Stealth        | |  3.6
Spellcasting   | |  1.7
Hexes          | |  2.4

Action                   |  1- 3 |  4- 6 || total
-------------------------+-------+-------++-------
Melee: Dagger            |   105 |       ||   105
       Short sword       |    77 |    27 ||   104
  Use: Scroll            |     5 |       ||     5
       Potion            |     3 |     4 ||     7
 Stab: Sleeping          |     6 |       ||     6
       Invisible         |       |     3 ||     3
  Eat: Chunk             |    14 |     1 ||    15
Armor: Robe              |    48 |     5 ||    53
Dodge: Dodged            |   138 |    18 ||   156
